 Dungeon Crawl Stone Soup version 0.27-a0-328-g7f782ed93a (webtiles) character file.

Game seed: 2097652068119940513

63 lunkers the Insei (level 4, -4/32 HPs)
             Began as a Merfolk Transmuter on Feb 11, 2021.
             Slain by an orc
             ... wielding a +0 trident
              (6 damage)
             ... on level 2 of the Dungeon.
             The game lasted 00:01:53 (1487 turns).

lunkers the Insei (Merfolk Transmuter)              Turns: 1487, Time: 00:01:54

Health: -4/32      AC:  2    Str: 10    XL:     4   Next: 10%
Magic:  5/7        EV: 13    Int: 12    God:
Gold:   41         SH:  0    Dex: 15    Spells: 6/7 levels left

rFire    . . .     SeeInvis .     - Unarmed
rCold    . . .     Faith    .   (no shield)
rNeg     + . .     Spirit   .   a - +0 robe
rPois    .         Reflect  .   (helmet currently unavailable)
rElec    .         Harm     .   (no cloak)
rCorr    .         Rampage  .   (no gloves)
Will     .....                  (boots currently unavailable)
Stlth    +.........             (no amulet)
HPRegen  0.10/turn              e - ring of positive energy
MPRegen  0.10/turn              (no ring)

@: appendages
A: change form in water, swift swim, stealthy swim, horns 2
a: End Transformation


You were on level 2 of the Dungeon.
You had grown temporary horns.
You visited 1 branch of the dungeon, and saw 2 of its levels.

You collected 41 gold pieces.

Inventory:

Armour
 a - a +0 robe (worn)
Jewellery
 e - a ring of positive energy (left hand)
Scrolls
 b - a scroll of blinking {unknown}
 c - a scroll of fear {unknown}
Potions
 d - a potion of curing {unknown}


   Skills:
 - Level 1.1 Fighting
 - Level 2.6 Dodging
 * Level 4.8 Unarmed Combat
 - Level 2.0 Spellcasting
 + Level 3.8 Transmutations


You had 6 spell levels left.
You knew the following spells:

 Your Spells              Type           Power        Failure   Level
p - Beastly Appendage     Tmut           20%          5%          1

Your spell library contained the following spells:

 Spells                   Type           Power        Failure   Level
 Wereblood                Tmut           10%          9%          2
 Spider Form              Tmut/Pois      2%           36%         3
 Ice Form                 Ice/Tmut       5%           77%         4
 Blade Hands              Tmut           5%           83%         5


Dungeon Overview and Level Annotations

Branches:
Dungeon (2/15)

Altars:


Innate Abilities, Weirdness & Mutations

You revert to your normal form in water.
You are very nimble and swift while swimming.
You are very stealthy in the water. (Stealth+)
You have a pair of horns on your head.


Message History

The stone hits you but does no damage.
There is a stone staircase leading up here.
Casting: Beastly Appendage (safe; 7% risk of failure)
Confirm with . or Enter, or press ? or * to list all spells.
You grow a pair of large bovine horns.
The orc hits you from afar with a +0 trident.
You hit the kobold but do no damage. Your headbutt misses the kobold.
The orc barely misses you. The kobold hits you.
You punch the kobold!
You kill the kobold!
The orc hits you from afar with a +0 trident.
The orc priest mumbles some strange prayers to Beogh against you.
You barely resist. The orc hits you with a +0 trident.
You see here 2 stones.
You barely miss the orc priest. You headbutt the orc priest.
The orc priest is moderately wounded.
The orc priest closely misses you.
You hit the orc priest. You headbutt the orc priest.
The orc priest is severely wounded.
The orc hits you with a +0 trident.
The orc priest calls down the wrath of Beogh upon you.
Beogh smites you!
* * * LOW HITPOINT WARNING * * *
You barely miss the orc priest. Your headbutt misses the orc priest.
The orc priest is severely wounded.
The orc barely misses you.
The orc priest hits you with a +0 flail!
* * * LOW HITPOINT WARNING * * *
You hit the orc priest but do no damage.
You headbutt the orc priest.
You kill the orc priest!
The orc closely misses you.
You have reached level 4!
You hit the orc. Your headbutt misses the orc.
The orc is heavily wounded.
The orc hits you but does no damage.
You hit the orc but do no damage. Your headbutt misses the orc.
The orc is heavily wounded.
The orc hits you with a +0 trident.
You die...

#.## .#. ## ..#
...##.. ##.....
.......###
#.[.##
#...>####
###.)@<.#
#.o##..# ......
.....
#####.#####....
#.# ... #.# ?.
#.. # ###


You could see an orc.

Vanquished Creatures
  An orc priest (D:2)
  An ooze (D:1)
  A dart slug (D:1)
  2 orcs
  3 bats (D:1)
  2 giant cockroaches (D:1)
  3 goblins (D:1)
  A hobgoblin (D:1)
  6 kobolds
  2 ball pythons (D:1)
  3 rats (D:1)
25 creatures vanquished.

Notes
Turn   | Place    | Note
-------+----------+-------------------------------------------
     0 | D:1      | lunkers the Merfolk Transmuter began the quest for the Orb.
     0 | D:1      | Reached XP level 1. HP: 15/15 MP: 3/3
   280 | D:1      | Reached XP level 2. HP: 15/21 MP: 3/5
   562 | D:1      | Reached skill level 4 in Unarmed Combat
   710 | D:1      | Reached XP level 3. HP: 23/26 MP: 4/6
  1484 | D:2      | HP: 1/26 [orc priest/+0 flail (7)]
  1486 | D:2      | Reached XP level 4. HP: 2/32 MP: 5/7
  1487 | D:2      | Slain by an orc

Illustrated notes

Levels and vault maps discovered:
D:1:      evilmike_arrival_hilbert_curve, layout_basic
D:2:      layout_rooms, lemuel_round_altar, nrook_campfire,
          grunt_decor_mini_mirrors

Skill      XL: |  1  2 |
---------------+-------+-----
Transmutations | 3 |  3.8
Unarmed Combat | 4 |  4.8
Fighting       | |  1.1
Dodging        | |  2.6
Spellcasting   | |  2.0

Action                   |  1- 3 |  4- 6 || total
-------------------------+-------+-------++-------
Melee: Unarmed           |    67 |     2 ||    69
       Headbutt          |    15 |       ||    15
       Punch             |     1 |       ||     1
 Cast: Beastly Appendage |    17 |       ||    17
 Stab: Sleeping          |     3 |       ||     3
Armor: Robe              |    14 |     1 ||    15
Dodge: Dodged            |    35 |       ||    35

Table legend: (Time is in decaauts)
 A = Elapsed time spent in this place.
 B = Non-inter-level travel time spent in this place.
 C = Inter-level travel time spent in this place.
 D = Time resting spent in this place.
 E = Time spent auto-exploring this place.
 F = Levels seen in this place.
 G = Mean time per level.
                   A        B        C        D        E       F      G
               +--------+--------+--------+--------+--------+-----+--------+
         Total |   1482 |   1473 |      9 |    179 |   1122 |   2 |  741.0 |
       Dungeon |   1482 |   1473 |      9 |    179 |   1122 |   2 |  741.0 |
               +--------+--------+--------+--------+--------+-----+--------+

Top non-repeatable levels by time:
     D:1: 1457 daAuts
     D:2: 24 daAuts
